 Dungeon Crawl Stone Soup version 0.32-a0-673-g3729bd50f8 (webtiles) character file.

Game seed: 17945392894057639305

3784 BubbleThief the Frost Mage (level 10, -2/100 HPs)
             Began as a Naga Ice Elementalist on Mar 10, 2024.
             Was a Follower of Ashenzari.
             Slain by a black bear (4 damage)
             ... on level 8 of the Dungeon.
             The game lasted 00:17:56 (7770 turns).

BubbleThief the Frost Mage (Naga Ice Elementalist)  Turns: 7770, Time: 00:17:56

Health: -2/100     AC: 15    Str: 12    XL:     10   Next: 16%
Magic:  15/21      EV:  9    Int: 19    God:    Ashenzari [*.....]
Gold:   409        SH:  0    Dex: 11    Spells: 12/24 levels left

rFire   . . .        E - +4 trident (drain)
rCold   . . .        (no shield)
rNeg    . . .        p - +2 robe "Profound Yoke" {Will+, Elem, Bglg} (curse)
rPois   +            e - +0 helmet "Ordeal of Ashenzari" {Self, Comp} (curse)
rElec   .            (no cloak)
rCorr   .            (no gloves)
SInv    +            (no barding)
Will    ++...        k - amulet of the acrobat
Stlth   ++           (no ring)
HPRegen 0.36/turn    (no ring)
MPRegen 0.17/turn

%: acrobat
@: ice-armoured, freezing walls, very slow
A: AC +3, large, see invisible, deformed body, poison resistance, slowness 2,
spit poison 1, naga tail 1
a: Spit Poison, Renounce Religion, Curse Item, Shatter the Chains


You were on level 8 of the Dungeon.
You worshipped Ashenzari.
Ashenzari was aware of your devotion.
You visited 2 branches of the dungeon, and saw 9 of its levels.

You collected 409 gold pieces.

Inventory:

Hand Weapons
 l - a +1 dagger of freezing
 s - a +2 dagger of protection
 D - a +2 falchion
 E - a +4 trident of draining (weapon)
Armour
 e - the cursed +0 helmet "Ordeal of Ashenzari" (worn) {Self, Comp}
   (You found it on level 1 of the Dungeon)

   It has a curse which improves the following skills: Introspection: Fighting
   and Spellcasting.
   Companions: Summonings and Necromancy.
 p - the cursed +2 robe "Profound Yoke" (worn) {Will+, Elem, Bglg}
   (You took it off Sigmund on level 3 of the Dungeon)

   It has a curse which improves the following skills: Elements: Fire Magic, Ice
   Magic, Air Magic and Earth Magic.
   Beguiling: Hexes and Translocations.
 A - a +0 kite shield
Jewellery
 k - an amulet of the acrobat (around neck)
 n - an amulet of guardian spirit
 v - a ring of ice
 x - a ring of fire
Wands
 r - a wand of flame (18)
Scrolls
 c - 3 scrolls of silence
 g - 4 scrolls of identify
 h - a scroll of enchant weapon
 j - a scroll of amnesia
 m - 2 scrolls of poison
 o - 6 scrolls of teleportation
 t - a scroll of blinking
 u - a scroll of fear
 y - a scroll of summoning
 z - a scroll of noise
 B - a scroll of brand weapon
 C - a scroll of revelation
 F - a scroll of enchant armour
Potions
 a - a potion of brilliance
 b - a potion of magic
 d - a potion of haste
 f - 2 potions of lignification
 i - 2 potions of degeneration
 q - a potion of mutation
 w - a potion of curing


   Skills:
 + Level 9.0(9.7) Fighting
 - Level 1.5 Dodging
 - Level 3.0 Stealth
 + Level 6.8(7.6) Spellcasting
 - Level 1.5(2.1) Translocations
 + Level 9.3(10.1) Ice Magic


You had 12 spell levels left.
You knew the following spells:

 Your Spells              Type           Power      Damage    Failure   Level
a - Freeze                Ice            100%       1d10      1%          1
b - Frozen Ramparts       Ice            90%        1d14      1%          3
c - Ozocubu's Armour      Ice            45%        N/A       1%          3
d - Summon Ice Beast      Ice/Summ       26%        N/A       3%          3
e - Blink                 Tloc           30%        N/A       6%          2

Your spell library contained the following spells:

 Spells                   Type           Power      Damage    Failure   Level
 Magic Dart               Conj           28%        1d4       10%         1
 Call Imp                 Summ           14%        N/A       14%         2


Dungeon Overview and Level Annotations

Branches:
Dungeon (8/15)             Temple (1/1) D:4
   Lair: D:8-11

Altars:
Ashenzari
Cheibriados
Dithmenos
Elyvilon
Fedhas
Gozag
Hepliaklqana
Kikubaaqudgha
Nemelex Xobeh
Okawaru
Qazlal
Ru
Sif Muna
Trog
Vehumet
Wu Jian
Xom
Yredelemnul
The Shining One


Innate Abilities, Weirdness & Mutations

Your serpentine skin is tough. (AC +3)
You have supernaturally acute eyesight. (SInv)
Armour fits poorly on your strangely shaped body.
Your system is resistant to poisons. (rPois)
You cover ground very slowly.
You can spit poison.
You have a snake-like lower body.


Message History

The frozen ramparts melt away as you move.
Erica hits your ice beast with a +4 scimitar of flaming!
Erica melts your ice beast!
Your ice beast dies!
Your ice beast disappears in a puff of smoke!
Aiming: Throw Flame
Press: ? - help, Shift-Dir - straight line, f/p - Erica
Aim: Erica, wielding a +4 scimitar of flaming and wearing a ring of protection from cold (blue smoke, almost dead, slightly transparent, lightly drained, 56% to hit)
The puff of flame hits Erica.
You kill Erica!
Your Fighting skill increases to level 9!
You have reached level 10!
Okay, then.
Magic courses through your body.
Unknown command.
Casting: Freeze (safe; 1% risk of failure)
Confirm with . or Enter, or press ? or * to list all spells.
A film of ice covers your body! The black bear barely misses you.
The black bear misses you.
The black bear claws you but does no damage.
Unknown command.
Casting: Ozocubu's Armour (safe; 1% risk of failure)
Confirm with . or Enter, or press ? or * to list all spells.
Casting: Frozen Ramparts (safe; 1% risk of failure)
Press: ? - help, Dir - look around, f - activate The walls around you are covered in ice.
The wall freezes the black bear!
The black bear bites you.
* * * LOW HITPOINT WARNING * * *
The black bear barely misses you.
The black bear claws you but does no damage.
Unknown command.
Aiming: Freeze (safe; 1% risk of failure)
Press: ? - help, Q - select action, (/) - cycle Shift-Dir - straight line, f - black bear
Aim: a black bear (moderately wounded)
You freeze the black bear!
The black bear is severely wounded.
The wall freezes the black bear!
The black bear barely misses you.
The black bear claws you but does no damage.
The black bear claws you.
You die...

#.. #.# . #.# .# .o#
##.#. #9#......
#.#.#..## #......?.
#############........
#.....@h).)...####.##
#.#######.#.###
######## ###)##
.......# #
######...## ######<#
#.###..##.....## ..#
#.# #......#.......#.
#.# #.#
#.......).$_.....#
#.# #.#
#.###.##.......###
..# #.# #..##.....##


You could see a black bear.

Vanquished Creatures
  Erica (D:8)
  A gargoyle (D:8)
  Jeremiah (D:8)
  Sigmund (D:3)
  A wyvern (D:8)
  A steam dragon (D:8)
  A sky beast (D:8)
  An orc warrior (D:6)
  A black bear (D:3)
  The ghost of ASSMAN the Chopper, an amateur MDBe of Trog (D:3)
  3 centaurs
  A kobold brigand (D:7)
  2 bullfrogs
  A gnoll sergeant (D:6)
  2 scorpions
  7 wights
  A howler monkey (D:8)
  A bombardier beetle (D:6)
  3 orc priests
  A hound (D:3)
  2 jellies (D:4)
  4 iguanas
  3 orc wizards
  Robin (D:4)
  6 adders
  7 gnolls
  A shadow imp (D:6)
  2 white imps
  3 dart slugs
  3 ribbon worms
  15 orcs
  7 endoplasms
  A giant cockroach (D:2)
  8 hobgoblins
  8 jackals
  3 quokkas
  6 ball pythons
  3 bats
  A frilled lizard (D:1)
  20 goblins
  9 kobolds
  6 rats
151 creatures vanquished.

Vanquished Creatures (collateral kills)
  Prince Ribbit (D:8)
1 creature vanquished.

Grand Total: 152 creatures vanquished

Notes
Turn   | Place    | Note
-------+----------+-------------------------------------------
     0 | D:1      | BubbleThief the Naga Ice Elementalist began the quest for
                  | the Orb.
     0 | D:1      | Reached XP level 1. HP: 15/15 MP: 3/3
   228 | D:1      | Reached XP level 2. HP: 22/22 MP: 5/5
   490 | D:1      | Reached XP level 3. HP: 24/28 MP: 6/6
   877 | D:1      | Found a faded altar of an unknown god.
  1025 | D:2      | Learned a level 3 spell: Frozen Ramparts
  1029 | D:2      | Learned a level 3 spell: Ozocubu's Armour
  1109 | D:2      | Reached skill level 5 in Ice Magic
  1126 | D:2      | Reached XP level 4. HP: 35/36 MP: 1/8
  1769 | D:3      | Reached XP level 5. HP: 42/42 MP: 0/9
  1980 | D:3      | Found a runed translucent door.
  1982 | D:3      | Noticed ASSMAN's ghost (amateur MDBe)
  2099 | D:3      | Noticed Sigmund
  2110 | D:3      | Killed Sigmund
  2111 | D:3      | Reached XP level 6. HP: 39/49 MP: 0/11
  2377 | D:3      | Found an ancient bone altar of Kikubaaqudgha.
  2566 | D:3      | Noticed a black bear
  2572 | D:3      | Killed a black bear
  2709 | D:3      | Killed ASSMAN's ghost
  2710 | D:3      | Reached skill level 1 in Fighting
  2710 | D:3      | Reached XP level 7. HP: 57/57 MP: 3/13
  3158 | D:4      | Found a shimmering altar of Xom.
  3257 | D:4      | Noticed Robin
  3268 | D:4      | Killed Robin
  3449 | D:4      | Found a staircase to the Ecumenical Temple.
  3459 | Temple   | Entered the Ecumenical Temple
  3488 | Temple   | Became a worshipper of Ashenzari the Shackled
  3987 | D:5      | Entered Level 5 of the Dungeon
  4142 | D:6      | Reached XP level 8. HP: 46/73 MP: 5/14
  4305 | D:6      | Reached skill level 5 in Fighting
  5154 | D:6      | Learned a level 3 spell: Summon Ice Beast
  5179 | D:6      | Learned a level 2 spell: Blink
  5488 | D:6      | Reached skill level 1 in Translocations
  6594 | D:7      | Reached XP level 9. HP: 55/78 MP: 9/16
  6715 | D:7      | Reached skill level 5 in Spellcasting
  6796 | D:7      | Reached * piety under Ashenzari
  7033 | D:8      | Noticed Jeremiah
  7057 | D:8      | Killed Jeremiah
  7714 | D:8      | Found a basalt altar of Yredelemnul.
  7744 | D:8      | Noticed a gargoyle
  7744 | D:8      | Noticed Erica
  7744 | D:8      | Noticed Prince Ribbit
  7758 | D:8      | Killed a gargoyle
  7761 | D:8      | Killed Prince Ribbit
  7764 | D:8      | HP: 4/91 [Erica/+4 scimitar of flaming (11)]
  7766 | D:8      | Killed Erica
  7767 | D:8      | Reached XP level 10. HP: 3/100 MP: 0/21
  7769 | D:8      | HP: 2/100 [black bear (2)]
  7770 | D:8      | Slain by a black bear

Illustrated notes

Levels and vault maps discovered:
D:1:      minmay_arrival_up_and_down, layout_loops_ring,
          chequers_ecumenical_altar_grove, minmay_misc_feat_secret_circle,
          nicolae_twisty_statue_hallways
D:2:      layout_rooms, corexii_corridor_pit
D:3:      layout_basic, nicolae_kikubaaqudgha_miasma_corner,
          ebering_ghost_reflecting_pool, uniq_sigmund
D:4:      layout_loops_ring, dk_xom_monty_hall, minmay_temple_entry_ruins,
          kennysheep_generic_room_5, uniq_robin
D:5:      layout_basic
D:6:      layout_layer_cave, lightli_minifort
D:7:      layout_loops_ring
D:8:      layout_loops_corners, lemuel_round_altar,
          eino_small_chamber_without_monster, minmay_shattered_shrine,
          uniq_erica, uniq_jeremiah, uniq_prince_ribbit1
Temple:   kb_temple_of_zot

Skill      XL: |  1  2  3  4  5  6  7  8  9 |
---------------+----------------------------+-----
Ice Magic      | 5 6 7 9 |  9.3
Spellcasting   | 3 4 6 |  6.8
Fighting       | 1 4 7 9 |  9.0
Translocations | 1 |  1.5
Dodging        | |  1.5
Stealth        | |  3.0

Action                     |  1- 3 |  4- 6 |  7- 9 | 10-12 || total
---------------------------+-------+-------+-------+-------++-------
  Melee: Dagger            |     8 |    12 |   158 |       ||   178
         Trident           |       |       |    40 |       ||    40
   Cast: Freeze            |    23 |    32 |    35 |     1 ||    91
         Frozen Ramparts   |     2 |     7 |    45 |     1 ||    55
         Ozocubu's Armour  |       |     4 |    23 |     1 ||    28
         Summon Ice Beast  |       |       |     2 |       ||     2
 Invoke: Curse Item        |       |       |     2 |       ||     2
Ability: Spit Poison       |    29 |    16 |     2 |       ||    47
  Evoke: Wand              |       |       |     1 |       ||     1
    Use: Potion            |       |       |     1 |     1 ||     2
   Stab: Sleeping          |     1 |       |     2 |       ||     3
         Distracted        |       |       |     1 |       ||     1
 Armour: Robe              |    21 |    22 |   185 |     5 ||   233
  Dodge: Dodged            |    13 |    24 |   127 |     4 ||   168
         Form:             |       |       |     1 |       ||     1
         Serpent           |       |       |     1 |       ||     1

Table legend: (Time is in decaauts)
 A = Elapsed time spent in this place.
 B = Non-inter-level travel time spent in this place.
 C = Inter-level travel time spent in this place.
 D = Time resting spent in this place.
 E = Time spent auto-exploring this place.
 F = Levels seen in this place.
 G = Mean time per level.
                   A        B        C        D        E       F      G
               +--------+--------+--------+--------+--------+-----+--------+
         Total |   9641 |   9291 |    350 |     10 |   7851 |   9 | 1071.2 |
       Dungeon |   9560 |   9285 |    275 |     10 |   7851 |   8 | 1195.0 |
        Temple |     81 |      7 |     74 |      0 |      0 |   1 |   81.0 |
               +--------+--------+--------+--------+--------+-----+--------+

Top non-repeatable levels by time:
     D:6: 2253 daAuts
     D:3: 1530 daAuts
     D:4: 1379 daAuts
     D:7: 1327 daAuts
     D:1: 1293 daAuts
     D:8: 918 daAuts
     D:2: 693 daAuts
     D:5: 164 daAuts
  Temple: 81 daAuts
